 Dungeon Crawl Stone Soup version 0.18.1-8-gdd0e5ea (webtiles) character file.

44230 Chiseanne the Pandemonic (level 14, -11/77 HPs)
             Began as a Vine Stalker Monk on May 22, 2016.
             Was a High Priest of Makhleb.
             Blown up by a cacodemon (32 damage)
             ... with a bolt of energy
             ... summoned by the player character
             ... on level 2 of the Lair of Beasts.
             The game lasted 00:50:45 (14839 turns).

Chiseanne the Pandemonic (Vine Stalker Monk)       Turns: 14839, Time: 00:50:46

Health: -11/77     AC: 15    Str: 11    XL:     14   Next: 27%
Magic:  0/23       EV: 11    Int: 10    God:    Makhleb [*****.]
Gold:   567        SH: 18    Dex: 18    Spells: 0 memorised, 13 levels left

rFire  + + .     SeeInvis .     a - +6 hand axe (elec)
rCold  + . .     Gourm    .     V - +2 scale mail of Summer {+Inv rF+ rN+ Str-4}
rNeg   + . .     Faith    .     H - +1 shield
rPois  +         Spirit   +     Z - +0 hat of Tekk {rF+ rC+ Str-3}
rElec  .         Dismiss  .     K - +2 cloak
rCorr  +         Reflect  +     x - +1 pair of gloves of the Pit {-Cast rPois rCorr}
SustAt +         Harm     .     N - +0 pair of boots
MR     +....     NoCast   +     l - +6 amulet of reflection
Stlth  +.........               J - +1 ring of protection
                                t - ring of sustain attributes

@: corroded, somewhat resistant to hostile enchantments, very unstealthy
A: fangs 3, regeneration 3, magic shield, antimagic bite, no device heal 3, rot
immunity
a: Minor Destruction, Lesser Servant of Makhleb, Major Destruction, Greater
Servant of Makhleb, Renounce Religion, Evoke Invisibility


You were on level 2 of the Lair of Beasts.
You worshipped Makhleb.
Makhleb was extremely pleased with you.
You were not hungry.

You visited 3 branches of the dungeon, and saw 19 of its levels.

You collected 2068 gold pieces.
You spent 1501 gold pieces at shops.

Inventory:

Hand Weapons
 a - a +6 hand axe of electrocution (weapon)
 e - the +11 hunting sling of Fear {freeze, Int+4 Dex+3}
   (You found it on level 4 of the Dungeon)

   It causes projectiles fired from it to freeze those they strike, causing
   extra injury to most foes and up to half again as much damage against
   particularly susceptible opponents.
   They can also slow down cold-blooded creatures.
   It affects your intelligence (+4).
   It affects your dexterity (+3).
 s - a +3 war axe
 w - a +0 blowgun
Missiles
 d - 40 sling bullets
 f - 53 poisoned needles
 h - 426 stones (quivered)
 q - 15 bolts
 A - 4 throwing nets
 T - 2 curare-tipped needles
Armour
 x - the +1 pair of gloves of the Pit (worn) {-Cast rPois rCorr}
   (You bought it in a shop on level 2 of the Orcish Mines)

   It protects you from poison.
   It prevents spellcasting.
   It protects you from acid and corrosion.
 H - a +1 shield (worn)
 K - a +2 cloak (worn)
 N - a +0 pair of boots (worn)
 V - the +2 scale mail of Summer (worn) {+Inv rF+ rN+ Str-4}
   (You found it on level 12 of the Dungeon)

   It affects your strength (-4).
   It protects you from fire.
   It protects you from negative energy.
   It lets you turn invisible.
 Z - the +0 hat of Tekk (worn) {rF+ rC+ Str-3}
   (You found it on level 2 of the Orcish Mines)

   It affects your strength (-3).
   It protects you from fire.
   It protects you from cold.
Jewellery
 l - a +6 amulet of reflection (around neck)
 t - a ring of sustain attributes (left hand)
 J - a +1 ring of protection (right hand)
 L - an uncursed ring of flight
Wands
 i - a wand of digging (7/24)
 p - a wand of acid (7/15)
 B - a wand of paralysis (11/24)
Scrolls
 k - 3 scrolls of remove curse
 n - a scroll of immolation
 o - a scroll of enchant armour
 y - 8 scrolls of identify
 z - 5 scrolls of teleportation
 F - 2 scrolls of fear
 R - 2 scrolls of fog
 U - a scroll of blinking
Potions
 c - 4 potions of curing
 g - 2 potions of agility
 C - a potion of might
 E - 2 potions of haste
 O - 2 potions of cancellation
 Q - 2 potions of flight
 W - 2 potions of resistance
 X - a potion of ambrosia
Miscellaneous
 j - a stone of tremors
Comestibles
 b - 10 bread rations
 m - 11 slices of pizza
 r - 9 meat rations


   Skills:
 - Level 10.4 Fighting
 * Level 6.3 Axes
 * Level 10.1 Armour
 - Level 5.3 Dodging
 - Level 2.4 Stealth
 * Level 10.2 Shields
 - Level 4.0 Unarmed Combat
 * Level 11.8 Invocations


You had 13 spell levels left.
You didn't know any spells.

Dungeon Overview and Level Annotations

Branches:
Dungeon (15/15)            Temple (0/1) D:5            Lair (2/8) D:9
    Orc (2/2) D:12            Elf (0/3) Orc:2        Vaults (0/5) D:14
 Depths (0/5) D:15

Altars:
Ashenzari
Cheibriados
Elyvilon
Makhleb
Nemelex Xobeh
Okawaru
Ru
Sif Muna
Trog
Beogh

Shops:
D:13 =   D:15 !   Orc:1 *   Orc:2 ([

Annotations:
Lair:2 exclusion: oklob plant
Orc:2 exclusion: upstairs


Innate Abilities, Weirdness & Mutations

You have razor-sharp teeth.
You regenerate.
When hurt, damage is shared between your health and your magic reserves.
Your bite disrupts and absorbs the magic of your enemies.
Potions and wands cannot restore your health.
You are immune to rotting.


Message History

The cacodemon gestures at you.
You easily resist.
The cacodemon gestures at you. The bolt of energy hits you!
* * * LOW HITPOINT WARNING * * *
The bolt of energy hits the fungus. x2
You hit the fungus but do no damage.
The fungus is almost destroyed.
Your green death hits the fungus!!
The fungus is destroyed!
Your green death gestures at the cacodemon.
The bolt of poison hits the cacodemon.
The cacodemon hits your green death! The cacodemon hits your green death!!
Your green death gestures at the cacodemon.
The poison arrow hits the cacodemon.
The cacodemon partially resists.
The cacodemon is poisoned.
The cacodemon gestures at you.
The bolt of energy hits your green death.
The bolt of energy hits you!
You die...

..P# ##...P........ ##..#....#..
P.#####....)#......P###..........
P..#....##.#.........###.......#.
.......#....#.... ...!#..........
..##..#.#..##.... #.....#........
#.#..###...... ...........P#.
####.....#......####......PPP.###
P#####..........P..22....%PPP?#P.
..####..........@..2......PPP....
...#.......................?.....
#..##........P.................##
...................PP.....#.... #
...P#..............#.......#...##
.#.##..................##.......#
.#####..#......##.....###....#...
.# ##..#.#....##.#.....# #......
.###...##....P.#......## ##....P


You could see a cacodemon and 2 friendly green deaths.

Vanquished Creatures
  A vault guard (D:14)
  Fannar (Orc:1)
  Harold (Lair:2)
  4 centaur warriors
  A tengu warrior (D:14)
  A slime creature (D:15)
  An orc high priest (Orc:2)
  2 unseen horrors
  A deep troll (D:14)
  A giant orange brain (D:15)
  2 orc knights (Orc:2)
  3 hill giants
  5 ugly things
  5 deep elf magi
  An orc sorcerer (Orc:2)
  6 cyclopes
  A griffon (D:13)
  A water nymph (shapeshifter) (D:15)
  A kobold demonologist (D:12)
  2 komodo dragons
  A freezing wraith (D:14)
  3 trolls
  A polar bear (shapeshifter) (D:15)
  4 two-headed ogres
  Grinder (D:6)
  A wraith (D:15)
  2 water elementals (D:14)
  A spriggan (shapeshifter) (D:15)
  2 shadows
  A human (D:8)
  9 yaks (D:12)
  2 wyverns
  2 basilisks (shapeshifter)
  A golden eye (shapeshifter) (D:14)
  5 hippogriffs
  3 wargs
  2 hungry ghosts
  2 vampire mosquitoes (D:10)
  4 water moccasins
  3 porcupines (Lair:2)
  2 hell hounds (D:9)
  3 black bears
  31 orc warriors
  A swamp drake (Orc:2)
  A wasp (D:13)
  3 phantoms
  5 ogres
  An eye of draining (D:12)
  7 ice beasts
  4 necrophages (D:8)
  A crocodile (D:13)
  7 centaurs
  Blork the orc (D:5)
  6 big kobolds
  9 giant frogs
  5 scorpions
  4 wights (D:8)
  An electric eel (D:8)
  5 howler monkeys
  5 crimson imps
  A giant frog zombie (D:8)
  19 orc priests
  6 centaur zombies
  10 hounds
  4 jellies
  20 orc wizards
  A giant frog skeleton (D:5)
  An iron imp (Orc:2)
  3 centaur skeletons
  5 iguanas
  6 worker ants
  2 killer bee zombies
  4 sheep (Orc:2)
  2 mummies (D:8)
  A howler monkey skeleton (D:7)
  3 gnolls (D:3)
  14 adders
  5 shadow imps
  A white imp (Orc:2)
  An ooze (D:1)
  An adder skeleton (D:7)
  2 worms
  A dart slug (D:3)
  8 giant geckos
  93 orcs
  6 bats
  6 giant cockroaches
  5 goblins
  7 hobgoblins
  16 jackals
  8 quokkas
  2 ball pythons
  A ball python skeleton (D:4)
  2 giant gecko zombies
  3 giant newts
  A jackal skeleton (D:4)
  A jackal zombie (D:1)
  22 kobolds
  7 rats
  3 withered plants (D:8)
497 creatures vanquished.

Vanquished Creatures (collateral kills)
  An orc warlord (Orc:2)
  A stone giant (D:12)
  2 hydras
  A centaur warrior (D:14)
  A tengu warrior (D:14)
  An unseen horror (D:14)
  2 orange crystal statues (D:14)
  An orc knight (D:12)
  A lindwurm (shapeshifter) (D:14)
  7 ugly things (D:14)
  2 shadows (D:14)
  A water elemental (D:14)
  2 vampire mosquitoes (D:14)
  3 wargs (Orc:1)
  5 ice beasts (D:14)
  An ogre (D:14)
  An orc priest (Orc:2)
  5 orcs (Orc:2)
  A fungus (Lair:2)
39 creatures vanquished.

Vanquished Creatures (others)
  An orc (Orc:2)
1 creature vanquished.

Grand Total: 537 creatures vanquished

Notes
Turn   | Place    | Note
--------------------------------------------------------------
     0 | D:1      | Chiseanne the Vine Stalker Monk began the quest for the Orb.
     0 | D:1      | Reached XP level 1. HP: 11/11 MP: 2/2
   204 | D:1      | Reached XP level 2. HP: 16/16 MP: 3/3
   937 | D:1      | Reached XP level 3. HP: 18/20 MP: 4/4
  1003 | D:2      | Found a burning altar of Makhleb.
  1023 | D:2      | Became a worshipper of Makhleb the Destroyer
  1023 | D:2      | Reached * piety under Makhleb
  1023 | D:2      | Reached ** piety under Makhleb
  1131 | D:2      | Found an iron altar of Okawaru.
  1188 | D:2      | Reached XP level 4. HP: 22/24 MP: 5/5
  1318 | D:2      | Reached skill level 1 in Armour
  1405 | D:2      | Found a sparkling altar of Nemelex Xobeh.
  1538 | D:3      | Reached skill level 1 in Invocations
  1538 | D:3      | Reached XP level 5. HP: 18/28 MP: 3/6
  1579 | D:3      | Found a shattered altar of Ashenzari.
  1586 | D:3      | Found a burning altar of Makhleb.
  1751 | D:3      | Reached *** piety under Makhleb
  1887 | D:3      | Gained mutation: You heal very quickly. [Vine Stalker growth]
  1887 | D:3      | Reached XP level 6. HP: 33/33 MP: 8/8
  2182 | D:3      | Reached skill level 2 in Invocations
  2568 | D:4      | Found a white marble altar of Elyvilon.
  2584 | D:4      | Got an ichor-stained hunting sling
  2590 | D:4      | Identified the +11 hunting sling of Fear {freeze, Int+4 Dex+3} (You found it on level 4 of the Dungeon)
  3142 | D:4      | Reached **** piety under Makhleb
  3148 | D:4      | Reached skill level 1 in Axes
  3148 | D:4      | Reached XP level 7. HP: 37/37 MP: 9/9
  3330 | D:5      | Entered Level 5 of the Dungeon
  3371 | D:5      | Found a deep blue altar of Sif Muna.
  3663 | D:5      | Reached skill level 3 in Invocations
  3693 | D:5      | Gained mutation: You have razor-sharp teeth. [Vine Stalker growth]
  3693 | D:5      | Reached XP level 8. HP: 42/42 MP: 11/11
  3827 | D:5      | Noticed Blork the orc
  3841 | D:5      | Killed Blork the orc
  3879 | D:5      | Found a staircase to the Ecumenical Temple.
  4138 | D:6      | Noticed Grinder
  4144 | D:6      | Killed Grinder
  4144 | D:6      | Reached skill level 5 in Fighting
  4441 | D:6      | Found a bloodstained altar of Trog.
  4668 | D:6      | Reached skill level 4 in Invocations
  4845 | D:6      | Found a deep blue altar of Sif Muna.
  4999 | D:6      | Reached skill level 5 in Dodging
  5304 | D:7      | Reached ***** piety under Makhleb
  5304 | D:7      | Reached XP level 9. HP: 47/47 MP: 13/13
  5470 | D:7      | Found a sparkling altar of Nemelex Xobeh.
  5470 | D:7      | Found a sacrificial altar of Ru.
  5718 | D:8      | Found a burning altar of Makhleb.
  5785 | D:8      | Reached skill level 1 in Shields
  5794 | D:8      | Reached skill level 5 in Invocations
  5966 | D:8      | Reached skill level 5 in Armour
  5995 | D:8      | Reached skill level 6 in Invocations
  5995 | D:8      | Reached XP level 10. HP: 53/53 MP: 15/15
  6409 | D:9      | Found a staircase to the Lair.
  6647 | D:9      | Found a sacrificial altar of Ru.
  6866 | D:10     | Entered Level 10 of the Dungeon
  7099 | D:10     | Reached ****** piety under Makhleb
  7099 | D:10     | Reached skill level 7 in Invocations
  7130 | D:10     | Noticed a hill giant
  7139 | D:10     | Killed a hill giant
  7665 | D:11     | Reached skill level 5 in Shields
  7700 | D:11     | Noticed a cyclops
  7711 | D:11     | Killed a cyclops
  7778 | D:11     | Reached XP level 11. HP: 60/60 MP: 17/17
  8307 | D:11     | Killed an unseen horror
  8307 | D:11     | Reached skill level 8 in Invocations
  8412 | D:12     | Noticed a soul eater
  8460 | D:12     | Got a jewelled scale mail
  8461 | D:12     | Identified the +2 scale mail of Summer {+Inv rF+ rN+ Str-4} (You found it on level 12 of the Dungeon)
  8555 | D:12     | Found a staircase to the Orcish Mines.
  8667 | D:12     | Noticed a cyclops
  8687 | D:12     | Killed a cyclops
  8707 | D:12     | Noticed a centaur warrior
  8711 | D:12     | Killed a centaur warrior
  9088 | D:12     | Noticed a hill giant
  9099 | D:12     | Killed a hill giant
  9099 | D:12     | Reached skill level 9 in Invocations
  9099 | D:12     | Gained mutation: You regenerate. [Vine Stalker growth]
  9099 | D:12     | Reached XP level 12. HP: 52/66 MP: 19/19
  9330 | Orc:1    | Entered Level 1 of the Orcish Mines
  9332 | Orc:1    | Noticed a stone giant
  9360 | D:12     | Killed a stone giant
  9484 | Orc:1    | Found Utsi's Assorted Antiques.
  9504 | Orc:1    | Bought a scroll labeled RUWEICZYGHO for 34 gold pieces
  9504 | Orc:1    | Bought a scroll of identify for 68 gold pieces
  9504 | Orc:1    | Bought a scroll of enchant weapon for 255 gold pieces
  9735 | Orc:2    | Entered Level 2 of the Orcish Mines
  9811 | Orc:2    | Found a roughly hewn altar of Beogh.
  9846 | Orc:2    | Found Cioxuec's Jewellery Boutique.
  9985 | Orc:2    | Found a roughly hewn altar of Beogh.
 10097 | Orc:2    | Found a staircase to the Elven Halls.
 10113 | Orc:2    | Found a roughly hewn altar of Beogh.
 10343 | Orc:2    | Got a scorched hat
 10348 | Orc:2    | Identified the cursed +0 hat of Tekk {rF+ rC+ Str-3} (You found it on level 2 of the Orcish Mines)
 10373 | Orc:2    | Got a shimmering hat
 10388 | Orc:2    | Identified the +3 hat "Feph" {rPois} (You found it on level 2 of the Orcish Mines)
 10551 | Orc:1    | Noticed Fannar
 10688 | Orc:1    | Reached skill level 10 in Invocations
 10689 | Orc:1    | Killed Fannar
 10885 | Orc:2    | Reached skill level 10 in Fighting
 10928 | Orc:2    | Noticed an orc high priest
 10957 | Orc:2    | Noticed a sun demon
 10957 | Orc:2    | Killed an orc high priest
 10976 | Orc:2    | Noticed an orc warlord
 11003 | Orc:2    | Killed an orc warlord
 11003 | Orc:2    | Reached XP level 13. HP: 38/72 MP: 16/21
 11025 | Orc:2    | Found Hiaty's Antique Weapon Shoppe.
 11025 | Orc:2    | Found a roughly hewn altar of Beogh.
 11028 | Orc:2    | Found Ythenad's Antique Armour Emporium.
 11033 | Orc:2    | Bought a pair of translucent gloves for 342 gold pieces
 11044 | Orc:2    | Identified the +1 pair of gloves of the Pit {-Cast rPois rCorr} (You bought it in a shop on level 2 of the Orcish Mines)
 11057 | Orc:2    | Bought a fine scale mail for 324 gold pieces
 11070 | Orc:2    | Identified the cursed +1 scale mail of Starshine {Str+6} (You bought it in a shop on level 2 of the Orcish Mines)
 11477 | D:13     | Found Hanaymm's Jewellery Shoppe.
 11503 | D:13     | Bought a cursed amulet of inaccuracy for 30 gold pieces
 11503 | D:13     | Bought a cursed -3 ring of strength for 30 gold pieces
 11503 | D:13     | Bought a cursed ring of loudness for 67 gold pieces
 12015 | D:14     | Noticed a green death
 12021 | D:14     | Found a snail-covered altar of Cheibriados.
 12229 | D:14     | Noticed a green death
 12266 | D:14     | Reached skill level 11 in Invocations
 12531 | D:14     | Reached skill level 5 in Axes
 12658 | D:14     | Noticed a vault guard
 12689 | D:14     | Killed a vault guard
 12711 | D:14     | Found a gate to the Vaults.
 12946 | D:15     | Entered Level 15 of the Dungeon
 13047 | D:15     | Found Nuehusch's Distillery.
 13064 | D:15     | Bought a potion of degeneration for 13 gold pieces
 13064 | D:15     | Bought a potion of haste for 130 gold pieces
 13064 | D:15     | Bought a potion of heal wounds for 65 gold pieces
 13064 | D:15     | Bought a potion of flight for 39 gold pieces
 13064 | D:15     | Bought a potion of ambrosia for 104 gold pieces
 13192 | D:15     | Reached XP level 14. HP: 77/77 MP: 23/23
 13233 | D:15     | Reached skill level 10 in Armour
 13238 | D:15     | Reached skill level 10 in Shields
 13253 | D:15     | Found a staircase to the Depths.
 13509 | D:15     | Found a shattered altar of Ashenzari.
 14023 | Lair:1   | Entered Level 1 of the Lair of Beasts
 14254 | Lair:2   | Noticed Harold
 14274 | Lair:2   | Killed Harold
 14834 | Lair:2   | Noticed a cacodemon
 14839 | Lair:2   | Blown up by a cacodemon

Skill      XL: |  1  2  3  4  5  6  7  8  9 10 11 12 13 14 |
---------------+-------------------------------------------+-----
Fighting       | 3 4 5 6 7 9 10 | 10.4
Dodging        | 3 4 5 |  5.3
Armour         | 1 2 3 4 5 6 7 8 9 10 | 10.1
Invocations    | 1 2 3 4 6 7 9 10 11 | 11.8
Axes           | 1 2 3 5 6 |  6.3
Shields        | 3 5 6 8 9 10 | 10.2
Stealth        | |  2.4
Unarmed Combat | |  4.0

Action                   |  1- 3 |  4- 6 |  7- 9 | 10-12 | 13-15 || total
-------------------------+-------+-------+-------+-------+-------++-------
Melee: Unarmed           |    87 |   154 |       |       |       ||   241
       Bite              |    26 |    74 |    55 |   254 |   148 ||   557
       Punch             |     1 |     2 |     2 |       |       ||     5
       Hand axe          |       |    81 |   223 |   709 |   429 ||  1442
 Fire: Blowgun           |       |       |    18 |       |     7 ||    25
       Hunting sling     |       |       |     6 |     8 |     9 ||    23
Invok: Greater Servant o |       |       |       |     2 |    10 ||    12
       Lesser Servant of |       |       |       |     2 |       ||     2
Evoke: Wand              |       |       |     4 |     2 |     1 ||     7
  Use: Scroll            |     3 |     7 |     6 |    12 |     8 ||    36
       Potion            |       |     5 |     6 |     1 |       ||    12
 Stab: Sleeping          |     5 |       |     1 |       |       ||     6
       Distracted        |       |       |       |     1 |       ||     1
       Confused          |       |       |       |     1 |       ||     1
  Eat: Chunk             |     1 |     6 |    11 |    18 |     8 ||    44
       Beef jerky        |       |       |       |     1 |     1 ||     2
       Fruit             |       |       |       |       |     8 ||     8
Armor: Robe              |     5 |       |       |       |       ||     5
       Leather armour    |     5 |       |       |       |       ||     5
       Scale mail        |    23 |    77 |    63 |   204 |   156 ||   523
Dodge: Dodged            |    46 |   121 |   104 |   201 |   114 ||   586
Block: Other             |       |    30 |    38 |       |       ||    68
       Reflection        |       |       |     3 |    27 |    19 ||    49
       Shield            |       |       |    65 |   610 |   343 ||  1018
